 Dungeon Crawl Stone Soup version 0.31-a0-949-g57150269e1 (webtiles) character file.

Game seed: 13166859550607132759

342 Ekaitz the Firebug (level 6, 0/70 HPs)
             Began as a Demonspawn Fire Elementalist on Oct 21, 2023.
             Succumbed to a scorpion's poison
             ... on level 4 of the Dungeon.
             The game lasted 00:08:52 (3338 turns).

Ekaitz the Firebug (Demonspawn Fire Elementalist)   Turns: 3338, Time: 00:08:53

Health: 0/70       AC:  5    Str:  8    XL:     6   Next: 30%
Magic:  0/10       EV: 12    Int: 19    God:
Gold:   241        SH:  0    Dex: 13    Spells: 4/10 levels left

rFire   . . .        g - +0 dagger
rCold   . . .        (no shield)
rNeg    . . .        o - +1 animal skin
rPois   .            u - +0 helmet
rElec   .            (no cloak)
rCorr   .            (gloves unavailable)
SInv    .            n - +0 pair of boots
Will    .....        (no amulet) Stlth
                     (no ring)
HPRegen 2.31/turn    (no ring)
MPRegen 0.12/turn

%: no passive effects
@: berserking, lethally poisoned (0 -> -3), very quick
A: claws 3, powered by death 1, demonic magic 1
a: no special abilities


You were on level 4 of the Dungeon.
You visited 1 branch of the dungeon, and saw 4 of its levels.

You collected 241 gold pieces.

Inventory:

Hand Weapons
 g - a +0 dagger (weapon)
 q - a +3 sling of freezing
 t - the +5 hand axe of the Stork {flame, rElec Int+4 Dex+5}
   (You found it on level 3 of the Dungeon)

   Int+4:     It affects your intelligence (+4).
   Dex+5:     It affects your dexterity (+5).
   rElec:     It insulates you from electricity.
Missiles
 r - 5 poisoned darts
 x - a throwing net
Armour
 d - a +0 scale mail of willpower
 k - the +2 ring mail of the Fife {Str+3 Dex+5 Stlth+}
   (You found it on level 2 of the Dungeon)

   Str+3:     It affects your strength (+3).
   Dex+5:     It affects your dexterity (+5).
   Stlth+:    It makes you more stealthy.
 n - a +0 pair of boots (worn)
 o - a +1 animal skin (worn)
 u - a +0 helmet (worn)
Talismans
 s - a serpent talisman
Scrolls
 a - a scroll of fog {unknown}
 c - a scroll of poison {unknown}
 e - a scroll of vulnerability {unknown}
 j - a scroll of revelation {unknown}
 l - a scroll of fear {unknown}
 v - a scroll of immolation {unknown}
 w - 2 scrolls of amnesia {unknown}
 y - a scroll of identify {unknown}
 z - a scroll of teleportation {unknown}
Potions
 b - a potion of magic
 h - a potion of ambrosia {unknown}
 i - 4 potions of curing {unknown}
 m - 2 potions of haste {unknown}
 p - a potion of brilliance {unknown}


   Skills:
 * Level 3.1 Fighting
 + Level 0.5 Short Blades
 + Level 2.0 Dodging
 + Level 2.4 Stealth
 + Level 2.8 Spellcasting
 + Level 1.4 Conjurations
 * Level 1.8 Translocations
 * Level 4.1 Fire Magic


You had 4 spell levels left.
You knew the following spells:

 Your Spells              Type           Power      Damage    Failure   Level
a - Foxfire               Conj/Fire      52%        2x1d6     4%          1
b - Scorch                Fire           36%        2d6       4%          2
c - Volatile Blastmotes   Fire/Tloc      28%        2d12      14%         3

Your spell library contained the following spells:

 Spells                   Type           Power      Damage    Failure   Level
 Inner Flame              Hex/Fire       10%        N/A       21%         3
 Flame Wave               Conj/Fire      13%        2d6       45%         4


Dungeon Overview and Level Annotations

Branches:
Dungeon (4/15)
 Temple: D:4-7

Altars:
Makhleb


Innate Abilities, Weirdness & Mutations

You have claws for hands.
You regenerate a little health from kills.
Spells you cast may paralyse adjacent enemies.


Message History

The foxfire hits the gnoll but does no damage.
The gnoll is moderately wounded.
The scorpion misses you. The gnoll barely misses you.
The scorpion closely misses you.
Your Fighting skill increases to level 3!
You have reached level 6!
Your demonic ancestry asserts itself...
Your hands twist into claws.
You puncture the gnoll!
The gnoll is almost dead.
You hear the brisk rusting of a very distant drain.
You feel sick.
You puncture the gnoll!
You kill the gnoll!
You feel sick. The scorpion stings you.
* * * LOW HITPOINT WARNING * * *
You are more poisoned.
The scorpion poisons you!
You closely miss the scorpion.
The scorpion is moderately wounded.
You feel sick. The scorpion misses you.
You hit the scorpion.
The scorpion is severely wounded.
You feel very sick. The scorpion stings you.
* * * LOW HITPOINT WARNING * * *
You are lethally poisoned!
The scorpion poisons you!
You closely miss the scorpion.
The scorpion is severely wounded.
* * * LOW HITPOINT WARNING * * *
You feel very sick.
Unknown command.
You puncture the scorpion!
You kill the scorpion!
* * * LOW HITPOINT WARNING * * *
You feel very sick.
Unknown command.
You are too berserk!
You die...

#######.###
..........#
#.#####....# ###..#
#.##.### ###.#..# #)
#.... #......#
#.##..#.
##......#####..#....
#......)......#.....
#..@...# #(..###
####### #.))...#
#.#.### ......#
#..#)....# #.#.....
#####.# #..###.###
#.#.###.
#.########..# ...
....# #
#...........# ###
#...# #
####.........#
#...####
#s######.....# ..
..... #.# #.###.#
....


There were no monsters in sight!

Vanquished Creatures
  A scorpion (D:4)
  A howler monkey (D:4)
  Robin (D:3)
  5 gnolls
  7 adders
  3 worms
  5 dart slugs
  5 orcs (D:4)
  6 endoplasms
  3 giant cockroaches
  14 goblins
  17 hobgoblins
  6 quokkas
  6 ball pythons
  7 bats
  5 frilled lizards
  7 kobolds
  A rat (D:1)
100 creatures vanquished.

Vanquished Creatures (others)
  189 foxfires
189 creatures vanquished.

Grand Total: 289 creatures vanquished

Notes
Turn   | Place    | Note
-------+----------+-------------------------------------------
     0 | D:1      | Ekaitz the Demonspawn Fire Elementalist began the quest for
                  | the Orb.
     0 | D:1      | Reached XP level 1. HP: 13/13 MP: 3/3
   268 | D:1      | Reached skill level 3 in Fire Magic
   268 | D:1      | Gained mutation: You have sharp fingernails. [demonic
                  | ancestry]
   268 | D:1      | Reached XP level 2. HP: 19/20 MP: 1/5
   386 | D:1      | Found a faded altar of an unknown god.
   453 | D:1      | Learned a level 2 spell: Scorch
   503 | D:1      | Reached skill level 1 in Fighting
   503 | D:1      | Gained mutation: Spells you cast may paralyse adjacent
                  | enemies. [demonic ancestry]
   503 | D:1      | Reached XP level 3. HP: 26/26 MP: 0/6
   507 | D:1      | Learned a level 3 spell: Volatile Blastmotes
  1061 | D:2      | Identified the +2 ring mail of the Fife {Str+3 Dex+5
                  | Stlth+}
  1280 | D:2      | Gained mutation: You have very sharp fingernails. [demonic
                  | ancestry]
  1280 | D:2      | Reached XP level 4. HP: 29/32 MP: 1/7
  1731 | D:3      | Identified the +5 hand axe of the Stork {flame, rElec Int+4
                  | Dex+5}
  1751 | D:3      | Noticed Robin
  1772 | D:3      | Killed Robin
  1773 | D:3      | Reached skill level 1 in Translocations
  1787 | D:3      | HP: 1/33 [kobold/+0 short sword (1)]
  2132 | D:3      | Gained mutation: You regenerate a little health from kills.
                  | [demonic ancestry]
  2132 | D:3      | Reached XP level 5. HP: 39/39 MP: 5/8
  2318 | D:3      | Found a burning altar of Makhleb.
  3314 | D:4      | Reached skill level 4 in Fire Magic
  3332 | D:4      | Gained mutation: You have claws for hands. [demonic
                  | ancestry]
  3332 | D:4      | Reached XP level 6. HP: 17/47 MP: 0/9
  3336 | D:4      | HP: 3/70 [poisoned by a scorpion]
  3338 | D:4      | Succumbed to a scorpion's poison

Illustrated notes

Levels and vault maps discovered:
D:1:      dpeg_arrival_pits, layout_rooms, ebering_ecumenical_altar_abandoned,
          minmay_pentomino_s4
D:2:      layout_basic, st_stairs_1
D:3:      minmay_angry_zag, layout_loops_ring, lemuel_coloured_pillars_altar,
          chequers_serial_rivers_small_a, uniq_robin
D:4:      layout_loops_ring, portal_sewer_entry_e

Skill      XL: |  1  2  3  4  5 |
---------------+----------------+-----
Fire Magic     | 3 4 |  4.1
Fighting       | 1 2 3 |  3.1
Stealth        | 2 |  2.4
Translocations | 1 |  1.8
Dodging        | 2 |  2.0
Short Blades   | |  0.5
Spellcasting   | |  2.8
Conjurations   | |  1.4

Action                     |  1- 3 |  4- 6 || total
---------------------------+-------+-------++-------
  Melee: Unarmed           |    16 |       ||    16
         Dagger            |    36 |   100 ||   136
         Punch             |       |     1 ||     1
   Cast: Foxfire           |    59 |    50 ||   109
         Scorch            |     2 |    14 ||    16
    Use: Potion            |       |     1 ||     1
   Stab: Sleeping          |     3 |     6 ||     9
         Paralysed         |     1 |    22 ||    23
 Armour: Robe              |    24 |    28 ||    52
         Animal skin       |       |    36 ||    36
  Dodge: Dodged            |    46 |    71 ||   117

Table legend: (Time is in decaauts)
 A = Elapsed time spent in this place.
 B = Non-inter-level travel time spent in this place.
 C = Inter-level travel time spent in this place.
 D = Time resting spent in this place.
 E = Time spent auto-exploring this place.
 F = Levels seen in this place.
 G = Mean time per level.
                   A        B        C        D        E       F      G
               +--------+--------+--------+--------+--------+-----+--------+
         Total |   3332 |   3255 |     77 |    111 |   2149 |   4 |  833.0 |
       Dungeon |   3332 |   3255 |     77 |    111 |   2149 |   4 |  833.0 |
               +--------+--------+--------+--------+--------+-----+--------+

Top non-repeatable levels by time:
     D:3: 1287 daAuts
     D:1: 907 daAuts
     D:2: 778 daAuts
     D:4: 358 daAuts
